 Dungeon Crawl Stone Soup version 0.24-a0-368-g0e0cebd0f3 (webtiles) character file.

Game seed: 10829090956237774040

7739 Ijustatesigmund the Basher (level 11, -1/72 HPs)
             Began as an Octopode Fighter on May 29, 2019.
             Was a Believer of Cheibriados.
             Slain by a hornet (15 damage)
             ... on level 9 of the Dungeon.
             The game lasted 00:24:11 (10577 turns).

Ijustatesigmund the Basher (Octopode Fighter)      Turns: 10577, Time: 00:24:12

Health: -1/72      AC:  8    Str: 21    XL:     11   Next: 20%
Magic:  14/17      EV: 22    Int: 17    God:    Cheibriados [**....]
Gold:   681        SH: 17    Dex: 26    Spells: 10/10 levels left

rFire    + . .     SeeInvis .   a - +2 flail (protect)
rCold    . . .     Gourm    .   b - +5 shield
rNeg     . . .     Faith    .   (helmet restricted)
rPois    .         Spirit   .   (no amulet)
rElec    .         Reflect  .   l - ring of protection from fire
rCorr    .         Harm     .   (no ring)
MR       .....                  (no ring)
Stlth    +++++.....             (no ring)
HPRegen  0.22/turn              (no ring)
MPRegen  0.15/turn              (no ring)
                                (no ring)
                                (no ring)

@: agile, protection aura, lightly drained, very slow
A: almost no armour, stealthy swim, amphibious, 8 rings, constrict 8, camouflage
1, frail 1, high mp 1, gelatinous body 1
a: Bend Time, Renounce Religion


You were on level 9 of the Dungeon.
You worshipped Cheibriados.
Cheibriados was pleased with you.
You were hungry.

You visited 2 branches of the dungeon, and saw 10 of its levels.

You collected 681 gold pieces.

Inventory:

Hand Weapons
 a - a +2 flail of protection (weapon)
 c - the +9 staff of Olgreb {rPois}
   (You found it on level 5 of the Dungeon)

   It protects you from poison.
 i - a +2 flail
 B - a cursed +6 mace of freezing
Missiles
 p - 19 javelins (quivered)
Armour
 b - a +5 shield (worn)
Jewellery
 l - a ring of protection from fire (left tentacle)
 x - an uncursed ring of stealth
Wands
 e - a wand of enslavement (7)
 o - a wand of paralysis (4)
 r - a wand of digging (8)
 A - a wand of acid (3)
Scrolls
 g - 7 scrolls of remove curse
 m - a scroll of immolation
 q - 4 scrolls of identify
 v - 2 scrolls of magic mapping
 y - 2 scrolls of fog
Potions
 f - 4 potions of flight
 k - 5 potions of brilliance
 s - a potion of magic
 w - a potion of might
 z - a potion of lignification
Comestibles
 d - 21 rations


   Skills:
 - Level 9.3(8.8) Fighting
 - Level 10.0(9.6) Maces & Flails
 - Level 6.4(6.0) Dodging
 - Level 5.0(4.6) Stealth
 + Level 6.9(6.5) Shields
 + Level 6.0(5.6) Invocations


You had 10 spell levels left.
You didn't know any spells.
Your spell library contained the following spells:

 Spells                   Type           Power        Failure   Level  Hunger
 Corona                   Hex            #......      56%         1    ##.....
 Ensorcelled Hibernation  Hex/Ice        #.....       71%         2    ###....
 Confuse                  Hex            #.......     91%         3    ####...
 Dazzling Spray           Conj/Hex       #.....       91%         3    ####...
 Tukima's Dance           Hex            #.......     91%         3    ####...


Dungeon Overview and Level Annotations

Branches:
Dungeon (9/15)             Temple (1/1) D:5
   Lair: D:8-11         Orc: D:9-12

Altars:
Ashenzari
Cheibriados
Dithmenos
Fedhas
Gozag
Kikubaaqudgha
Makhleb
Okawaru
Qazlal
Ru
Sif Muna
Trog
Uskayaw
Vehumet
Wu Jian
Xom
Yredelemnul
Zin
The Shining One

Annotations:
D:5 1 runed translucent door


Innate Abilities, Weirdness & Mutations

You cannot wear most types of armour.
You are very stealthy in the water. (Stealth+)
You are amphibious.
You can wear up to eight rings at the same time.
You can use your tentacles to constrict eight enemies at once.
Your skin changes colour to match your surroundings (Stealth+).
Your rubbery body absorbs attacks. (AC +1, EV +1)
You are frail. (-10% HP)
You have an increased reservoir of magic. (+10% MP)


Message History

You block the orc warrior's attack.
You hear a shout!
You sock the orc priest!
You kill the orc priest!
You feel sick.
You hear a shout!
You block the hornet's attack. The soldier ant stings you!
* * * LOW HITPOINT WARNING * * *
You are more poisoned.
The soldier ant poisons you!
You feel better. You block the orc's attack.
The worker ant bites you but does no damage.
The hornet completely misses you. You block the orc's attack.
The orc warrior hits you with a +0 hand axe.
* * * LOW HITPOINT WARNING * * *
The soldier ant completely misses you.
You feel agile all of a sudden. You block the orc's attack.
You block the worker ant's attack. The hornet stings you!
You die...

######..........[...รท.#
###aa.....##.....)......#
#.ay####.###....<.........#
Tc.###
#..##..........##....# ####
#....)...####### #....#
#..#.)####### ##..#
#..###)oo##...## ...
.##....ooao....# ..
#.....ca@)...#
#......yoo...#
........T.....#
...##..........# ....
##...##...## ... ##########


You could see a troll, a soldier ant, a hornet, 2 orc warriors, a centaur, a
worker ant and 5 orcs.

Vanquished Creatures
  Erica (D:8)
  Psyche (D:8)
  Maurice (D:8)
  Joseph (D:7)
  Grinder (D:5)
  A hippogriff (D:8)
  Eustachio (D:4)
  2 wyverns
  Edmund (D:4)
  4 soldier ants
  2 water moccasins (D:5)
  4 orc warriors
  3 ice beasts
  2 sky beasts
  2 phantoms
  A necrophage (D:8)
  2 ogres
  4 centaurs
  6 bullfrogs
  2 scorpions
  4 wights
  12 killer bees
  3 electric eels (D:7)
  2 bullfrog zombies
  7 crimson imps
  4 hounds
  A gnoll shaman (D:8)
  A jelly (D:5)
  5 orc priests
  5 orc wizards
  An iguana (D:5)
  A bullfrog skeleton (D:8)
  2 centaur skeletons
  Terence (D:3)
  14 worker ants
  A killer bee zombie (D:7)
  A hound skeleton (D:7)
  2 worker ant zombies (D:6)
  6 gnolls
  14 adders
  An ooze (D:5)
  An adder skeleton (D:4)
  4 worms
  10 dart slugs
  6 leopard geckos
  31 orcs
  2 ball pythons
  10 bats
  7 giant cockroaches
  6 goblins
  6 hobgoblins
  15 jackals
  3 quokkas
  6 frilled lizards
  A jackal skeleton (D:5)
  7 kobolds
  A quokka skeleton (D:4)
  A quokka zombie (D:5)
  9 rats
256 creatures vanquished.

Vanquished Creatures (collateral kills)
  A wight (D:9)
  A gnoll (D:9)
2 creatures vanquished.

Vanquished Creatures (others)
  A plant (D:9)
1 creature vanquished.

Grand Total: 259 creatures vanquished

Notes
Turn   | Place    | Note
-------+----------+-------------------------------------------
     0 | D:1      | Ijustatesigmund the Octopode Fighter began the quest for
                  | the Orb.
     0 | D:1      | Reached XP level 1. HP: 16/16 MP: 1/1
   154 | D:1      | Reached XP level 2. HP: 7/21 MP: 2/2
   872 | D:1      | Reached skill level 3 in Maces & Flails
   872 | D:1      | Reached XP level 3. HP: 26/26 MP: 3/3
  1308 | D:2      | Reached XP level 4. HP: 12/32 MP: 4/4
  1652 | D:2      | Found an iron altar of Okawaru.
  1978 | D:2      | Reached skill level 4 in Maces & Flails
  2071 | D:3      | Noticed Terence
  2090 | D:3      | Killed Terence
  2090 | D:3      | Reached XP level 5. HP: 13/37 MP: 5/5
  2513 | D:3      | Found an ornate altar of the Wu Jian Council.
  2668 | D:3      | Found a stormy altar of Qazlal.
  2668 | D:3      | Noticed an air elemental
  2670 | D:3      | Noticed a fire elemental
  2670 | D:3      | Noticed a water elemental
  2944 | D:4      | Noticed Eustachio
  2961 | D:4      | Killed Eustachio
  2961 | D:4      | Reached skill level 5 in Maces & Flails
  2961 | D:4      | Reached XP level 6. HP: 26/44 MP: 6/6
  3920 | D:4      | Noticed Edmund
  3935 | D:4      | Killed Edmund
  3935 | D:4      | Reached skill level 5 in Fighting
  3935 | D:4      | Reached skill level 6 in Maces & Flails
  3935 | D:4      | Reached XP level 7. HP: 26/50 MP: 7/7
  4314 | D:4      | Reached skill level 1 in Stealth
  4733 | D:5      | Entered Level 5 of the Dungeon
  4768 | D:5      | Found a staircase to the Ecumenical Temple.
  4955 | D:5      | Reached XP level 8. HP: 41/56 MP: 8/8
  5060 | D:5      | Reached skill level 7 in Maces & Flails
  5205 | D:5      | Found the +9 staff of Olgreb {rPois}
  5213 | D:5      | Found a runed translucent gate.
  5214 | D:5      | Found a runed translucent gate.
  5222 | D:5      | Found a runed translucent door.
  5235 | D:5      | Found a runed translucent gate.
  5238 | D:5      | Found a runed translucent door.
  5282 | D:5      | Noticed Grinder
  5300 | D:5      | Killed Grinder
  5409 | D:5      | Reached XP level 9. HP: 47/63 MP: 9/9
  5556 | D:6      | Reached skill level 5 in Stealth
  5850 | D:6      | Reached skill level 5 in Dodging
  5850 | D:6      | Reached skill level 5 in Shields
  6536 | D:6      | Reached skill level 8 in Maces & Flails
  6731 | D:7      | Noticed Joseph
  6743 | D:7      | Killed Joseph
  7780 | D:8      | Reached XP level 10. HP: 60/71 MP: 10/10
  8192 | Temple   | Entered the Ecumenical Temple
  8287 | Temple   | Became a worshipper of Cheibriados the Contemplative
  8360 | D:5      | Reached skill level 1 in Invocations
  8373 | D:5      | Reached skill level 9 in Maces & Flails
  8379 | D:5      | Reached * piety under Cheibriados
  9057 | D:8      | Found an ornate altar of the Wu Jian Council.
  9061 | D:8      | Found a basalt altar of Yredelemnul.
  9094 | D:8      | Found a shadowy altar of Dithmenos.
  9094 | D:8      | Found a hide-covered altar of Uskayaw.
  9096 | D:8      | Noticed Psyche
  9102 | D:8      | Noticed Erica
  9103 | D:8      | HP: 1/73 [acid (10)]
  9112 | D:8      | Found a burning altar of Makhleb.
  9147 | D:8      | Noticed Maurice
  9377 | D:8      | Killed Maurice
  9398 | D:8      | Killed Erica
  9451 | D:8      | Killed Psyche
  9726 | D:8      | Reached XP level 11. HP: 80/80 MP: 14/14
  9729 | D:8      | Reached skill level 5 in Invocations
  9751 | D:8      | Reached skill level 10 in Maces & Flails
  9823 | D:8      | Reached ** piety under Cheibriados
 10455 | D:9      | Gained mutation: You are frail. (-10% HP) [potion of
                  | mutation]
 10455 | D:9      | Gained mutation: One of your tentacles bears a spike.
                  | [potion of mutation]
 10455 | D:9      | Lost mutation: One of your tentacles bears a spike. [potion
                  | of mutation]
 10455 | D:9      | Gained mutation: You have an increased reservoir of magic.
                  | (+10% MP) [potion of mutation]
 10572 | D:9      | Paralysed by a hornet for 1 turns
 10577 | D:9      | Slain by a hornet

Levels and vault maps discovered:
D:1:      eino_arrival_water_cross, layout_loops_corners, nrook_loot_triangle
D:2:      layout_loops_ring, old_standard_altar, hangedman_decor_peaks_small,
          minmay_strange_pillars
D:3:      layout_rooms, nicolae_overflow_crystal_walls,
          nicolae_qazlal_style_of_elements, uniq_terence
D:4:      layout_layer_cave, first_ration, uniq_edmund, uniq_eustachio
D:5:      cheibrodos_fzero, layout_basic, minmay_temple_entry_tees,
          minmay_guarded_unrand_staff_of_olgreb, uniq_grinder
D:6:      cheibrodos_barr_body, layout_basic, item_on_display_a
D:7:      kennysheep_slugbush, layout_basic, uniq_joseph
D:8:      layout_loops_cross, old_standard_altar, grunt_temple_overflow_open,
          basic_altar, uniq_psyche, uniq_maurice, uniq_erica
D:9:      layout_rooms, special_room [special_room_orc],
          ebering_ghost_funeral_grove, hangedman_pestilent_swarm
Temple:   eino_temple_rhombus

Skill      XL: |  1  2  3  4  5  6  7  8  9 10 11 |
---------------+----------------------------------+-----
Maces & Flails | 3 4 5 6 7 8 9 10 | 10.0
Fighting       | 4 5 6 7 9 |  9.3
Stealth        | 2 4 5 |  5.0
Dodging        | 4 6 |  6.4
Shields        | 4 6 |  6.9
Invocations    | 4 6 |  6.0

Action                   |  1- 3 |  4- 6 |  7- 9 | 10-12 || total
-------------------------+-------+-------+-------+-------++-------
Melee: Flail             |    67 |   128 |   266 |   198 ||   659
       Constrict         |    18 |    32 |    48 |    44 ||   142
       Tentacles         |     8 |    23 |    56 |    63 ||   150
Throw: Javelin           |       |     3 |     2 |     7 ||    12
Invok: Bend Time         |       |       |       |     1 ||     1
Evoke: Wand              |       |       |     9 |     6 ||    15
  Use: Scroll            |     1 |    13 |     9 |     6 ||    29
       Potion            |     1 |     2 |     5 |    11 ||    19
 Stab: Sleeping          |     5 |     9 |    15 |     5 ||    34
       Distracted        |       |       |     2 |     2 ||     4
       Paralysed         |       |       |       |     6 ||     6
  Eat: Chunk             |     1 |     8 |    11 |     3 ||    23
       Ration            |       |       |     1 |       ||     1
Armor: Skin              |     7 |     5 |    27 |    20 ||    59
Dodge: Dodged            |    42 |    55 |    95 |    78 ||   270
Block: Shield            |    34 |    61 |   154 |   157 ||   406

Table legend:
 A = Non-vault XP
 B = Vault XP
 C = Vault XP percentage of total XP
 D = Non-vault monster count
 E = Vault monster count
 F = Vault count percentage of total count
                 A         B        C        D         E       F
            +---------+---------+-------+---------+---------+-------
      Total |    5206 |    5850 |  52.9 |     192 |      66 |  25.6
            +---------+---------+-------+---------+---------+-------
        D:1 |      40 |       0 |   0.0 |      17 |       0 |   0.0
        D:2 |      91 |       0 |   0.0 |      29 |       0 |   0.0
        D:3 |      46 |      36 |  43.9 |      23 |       1 |   4.2
        D:4 |     286 |     378 |  56.9 |      25 |       2 |   7.4
        D:5 |     664 |    2370 |  78.1 |      18 |      39 |  68.4
        D:6 |     615 |     533 |  46.4 |      14 |       9 |  39.1
        D:7 |     520 |     471 |  47.5 |      13 |       9 |  40.9
        D:8 |    2026 |    1872 |  48.0 |      35 |       3 |   7.9
        D:9 |     918 |     190 |  17.1 |      18 |       3 |  14.3
            +---------+---------+-------+---------+---------+-------
